 Dungeon Crawl Stone Soup version 0.31.0-11-ge490571c62 (webtiles) character file.

Game seed: 7644376445799969614

23230 KKCryptic the Unseen (level 13, -3/122 HPs)
             Began as a Naga Monk on Feb 5, 2024.
             Was the Champion of Cheibriados.
             Slain by CougarLife's ghost (28 damage)
             ... on level 2 of the Lair of Beasts.
             The game lasted 01:02:11 (14627 turns).

KKCryptic the Unseen (Naga Monk)                   Turns: 14627, Time: 01:02:11

Health: -3/122     AC: 13    Str: 29    XL:     13   Next: 5%
Magic:  9/13       EV: 15    Int: 29    God:    Cheibriados [******]
Gold:   345        SH:  5    Dex: 30    Spells: 7/12 levels left

rFire   + . .        s - +2 dagger (elec)
rCold   . . .        d - orb {guile}
rNeg    + . .        m - +1 robe of the Valley of Death {rN+ Int+2}
rPois   +            H - +2 helmet
rElec   .            r - scarf {shadows}
rCorr   .            a - +3 pair of gauntlets of War {Slay+5}
SInv    +            (no barding)
Will    .....        i - amulet of reflection
Stlth   ++++++++     g - ring of willpower
HPRegen 0.40/turn    b - ring of protection from fire
MPRegen 0.13/turn

%: reflection
@: very slightly contaminated, studying Axes, very slow
A: AC +4, large, see invisible, deformed body, poison resistance, slowness 2,
spit poison 1, naga tail 2, weak 1
a: Spit Poison, Renounce Religion, Bend Time, Temporal Distortion, Slouch, Step
From Time


You were on level 2 of the Lair of Beasts.
You worshipped Cheibriados.
Cheibriados was exalted by your worship.
You visited 3 branches of the dungeon, and saw 15 of its levels.

You collected 679 gold pieces.
You spent 334 gold pieces at shops.

Inventory:

Hand Weapons
 s - a +2 dagger of electrocution (weapon)
 y - a +0 broad axe of protection
 C - a -1 demon whip of venom
Missiles
 t - a throwing net
Armour
 a - the +3 pair of gauntlets of War (worn) {Slay+5}
   (You acquired it on level 3 of the Dungeon)

   Slay+5:    It affects your accuracy & damage with ranged weapons and melee
   (+5).
 d - an orb of guile (worn)
 m - the +1 robe of the Valley of Death (worn) {rN+ Int+2}
   (You bought it in a shop on level 5 of the Dungeon)

   Int+2:     It affects your intelligence (+2).
   rN+:       It protects you from negative energy.
 r - a scarf of shadows (worn)
 H - a +2 helmet (worn)
Jewellery
 b - a ring of protection from fire (right hand)
 g - a ring of willpower (left hand)
 i - an amulet of reflection (around neck)
Wands
 o - a wand of flame (17)
 v - a wand of iceblast (8)
 w - a wand of mindburst (4)
 z - a wand of polymorph (5)
 G - a wand of paralysis (10)
 I - a wand of digging (4)
Scrolls
 n - 2 scrolls of poison
 p - 3 scrolls of amnesia
 q - a scroll of immolation
 B - 4 scrolls of teleportation
 E - a scroll of blinking
 F - a scroll of enchant armour
 J - a scroll of silence {unknown}
 L - a scroll of enchant weapon {unknown}
Potions
 c - 3 potions of ambrosia
 e - 5 potions of curing
 f - a potion of cancellation
 h - a potion of berserk rage
 j - 2 potions of resistance
 k - 4 potions of enlightenment
 l - 2 potions of invisibility
 u - 3 potions of brilliance
 x - a potion of attraction {unknown}
 A - 3 potions of mutation
 D - 4 potions of might {unknown}
 K - a potion of haste {unknown}


   Skills:
 * Level 9.6 Fighting
 - Level 9.0 Short Blades
 - Level 12.3 Axes
 - Level 6.0 Dodging
 + Level 18.9 Stealth
 - Level 5.0 Ice Magic


You had 7 spell levels left.
You knew the following spells:

 Your Spells              Type           Power      Damage    Failure   Level
a - Ensorcelled Hibernat  Hex/Ice        28%        N/A       5%          2
z - Ozocubu's Armour      Ice            29%        N/A       4%          3

Your spell library contained the following spells:

 Spells                   Type           Power      Damage    Failure   Level
 Lesser Beckoning         Tloc           0%         N/A       16%         2
 Fugue of the Fallen      Necr           0%         N/A       30%         3
 Gell's Gravitas          Tloc           0%         N/A       30%         3
 Inner Flame              Hex/Fire       0%         N/A       30%         3
 Passwall                 Erth           0%         N/A       30%         3
 Swiftness                Air            0%         N/A       30%         3
 Teleport Other           Tloc           0%         N/A       30%         3
 Flame Wave               Conj/Fire      0%         2d4       71%         4
 Manifold Assault         Tloc           0%         N/A       71%         4
 Sticky Flame             Fire/Alch      0%         2d4       71%         4
 Metabolic Englaciation   Hex/Ice        7%         N/A       71%         5
 Irradiate                Conj/Alch      0%         3d11      96%         5
 Sculpt Simulacrum        Ice/Alch       7%         N/A       99%         6
 Dispersal                Tloc           0%         N/A       100%        6
 Ignition                 Fire           0%         3d3       100%        8
 Chain Lightning          Conj/Air       0%         N/A       100%        9
 Fire Storm               Conj/Fire      0%         5d1       100%        9
 Shatter                  Erth           0%         3d5*      100%        9


Dungeon Overview and Level Annotations

Branches:
Dungeon (12/15)            Temple (1/1) D:7            Lair (2/5) D:8
  Swamp (0/4) Lair:2       Spider (0/4) Lair:2          Orc (0/2) D:10

Altars:
Ashenzari
Cheibriados
Dithmenos
Elyvilon
Fedhas
Gozag
Hepliaklqana
Kikubaaqudgha
Makhleb
Nemelex Xobeh
Okawaru
Qazlal
Ru
Sif Muna
Trog
Uskayaw
Vehumet
Wu Jian
Xom
Yredelemnul
Zin
The Shining One

Shops:
D:5 ![!:*   D:6 *[(*

Portals:
Trove: D:10 (give 5 potions of resistance)

Annotations:
Lair:2 CougarLife's ghost, journeyman TrFi


Innate Abilities, Weirdness & Mutations

Your serpentine skin is tough. (AC +4)
You have supernaturally acute eyesight. (SInv)
Armour fits poorly on your strangely shaped body.
Your system is resistant to poisons. (rPois)
You cover ground very slowly.
You can spit poison.
You can use your snake-like lower body to constrict enemies.
You are weak. (Str -2)


Message History

Casting: Ozocubu's Armour (mildly dangerous; 4% risk of failure)
Confirm with . or Enter, or press ? or * to list all spells.
You can't see any susceptible monsters within range! (Use Z to cast anyway.)
You hit CougarLife's ghost but do no damage.
Lightning courses through CougarLife's ghost!!
CougarLife's ghost is lightly damaged.
CougarLife's ghost says, "Let me show you true rhythm."
CougarLife's ghost misses you.
You barely miss CougarLife's ghost.
CougarLife's ghost is lightly damaged.
You barely miss CougarLife's ghost.
CougarLife's ghost is lightly damaged.
CougarLife's ghost hits you but does no damage.
You puncture CougarLife's ghost!
CougarLife's ghost is moderately damaged.
CougarLife's ghost hits you.
You hit CougarLife's ghost but do no damage.
CougarLife's ghost is moderately damaged.
You puncture CougarLife's ghost!
CougarLife's ghost is moderately damaged.
CougarLife's ghost hits you!
You puncture CougarLife's ghost!
CougarLife's ghost is moderately damaged.
You puncture CougarLife's ghost!
CougarLife's ghost is heavily damaged.
CougarLife's ghost hits you but does no damage.
You hit CougarLife's ghost.
Lightning courses through CougarLife's ghost!!
CougarLife's ghost is severely damaged.
You hit CougarLife's ghost but do no damage.
Lightning courses through CougarLife's ghost!
CougarLife's ghost is severely damaged.
CougarLife's ghost hits you!!
* * * LOW HITPOINT WARNING * * *
You puncture CougarLife's ghost!
CougarLife's ghost is severely damaged.
You barely miss CougarLife's ghost.
CougarLife's ghost is severely damaged.
CougarLife's ghost hits you!!
You die...

## ## #.###.# ##.....#
#.....## #.†@..## ######
##W##..## #######
#.##.####§§§#...######.##.#.
#.......#§?.#...............
##.......#.)}#...............
#........#####.............#.
##.........................#.
#......##.###.............#.
#.....#######..####.#.....#.


You could see CougarLife's ghost.

Vanquished Creatures
  3 hydras (Lair:2)
  Amaemon (D:10)
  A skyshark (Lair:2)
  An orb spider (Lair:2)
  A cyclops (D:11)
  3 black mambas
  An orange demon (D:10)
  6 cane toads
  4 komodo dragons
  Jeremiah (Lair:1)
  A kobold demonologist (D:8)
  2 trolls
  A hornet (D:11)
  Prince Ribbit (D:8)
  13 blink frogs
  29 yaks
  2 steam dragons (D:9)
  A basilisk (Lair:1)
  An acid dragon (D:10)
  2 swamp worms (Lair:2)
  22 water moccasins
  A swamp drake (Lair:2)
  2 sky beasts
  3 orc warriors
  5 black bears
  2 ice beasts
  An ogre (D:6)
  4 wolves (Lair:2)
  3 kobold brigands
  13 bullfrogs
  A gnoll sergeant (D:10)
  3 scorpions
  4 wights (D:10)
  3 killer bees (D:9)
  6 howler monkeys
  2 electric eels
  4 bombardier beetles
  3 hounds
  4 orc priests
  A jelly (D:7)
  Jessica (D:3)
  A sleepcap (D:7)
  9 orc wizards
  14 gnolls
  21 adders
  A shadow imp (D:8)
  2 ufetubi (D:5)
  3 ribbon worms
  A dart slug (D:3)
  28 orcs
  5 endoplasms
  8 giant cockroaches
  6 hobgoblins
  3 jackals (D:1)
  17 kobolds
  6 quokkas
  6 ball pythons
  3 bats
  4 frilled lizards
  9 goblins
  8 rats
318 creatures vanquished.

Vanquished Creatures (others)
  An adder (Lair:2)
1 creature vanquished.

Grand Total: 319 creatures vanquished

Notes
Turn   | Place    | Note
-------+----------+-------------------------------------------
     0 | D:1      | KKCryptic the Naga Monk began the quest for the Orb.
     0 | D:1      | Reached XP level 1. HP: 21/21 MP: 1/1
    71 | D:1      | Reached skill level 1 in Stealth
    77 | D:1      | Reached XP level 2. HP: 13/28 MP: 2/2
   163 | D:1      | Reached skill level 2 in Stealth
   317 | D:1      | Reached XP level 3. HP: 32/34 MP: 3/3
   431 | D:1      | Found a faded altar of an unknown god.
   999 | D:2      | Reached skill level 3 in Stealth
  1024 | D:2      | Reached XP level 4. HP: 25/42 MP: 4/4
  1820 | D:3      | Identified 2 scrolls of acquirement
  1820 | D:3      | Acquired a manual of Axes
  1822 | D:3      | Acquired the +3 pair of gauntlets of War {Slay+5}
  1822 | D:3      | Found the +3 pair of gauntlets of War {Slay+5}
  1853 | D:3      | Noticed Jessica
  1857 | D:3      | Killed Jessica
  1858 | D:3      | Reached skill level 1 in Short Blades
  1868 | D:3      | Reached skill level 4 in Stealth
  1868 | D:3      | Reached XP level 5. HP: 49/49 MP: 5/5
  2006 | D:3      | Found an ornate altar of the Wu Jian Council.
  2123 | D:3      | Noticed a black bear
  2131 | D:3      | Killed a black bear
  2132 | D:3      | Reached XP level 6. HP: 56/56 MP: 6/6
  2212 | D:3      | Found an opulent altar of Gozag.
  2243 | D:3      | Reached skill level 5 in Stealth
  2852 | D:3      | Found a broken altar of Ashenzari.
  3124 | D:4      | Noticed a black bear
  3128 | D:4      | Killed a black bear
  3129 | D:4      | Reached skill level 6 in Stealth
  3129 | D:4      | Reached XP level 7. HP: 60/62 MP: 7/7
  3631 | D:5      | Entered Level 5 of the Dungeon
  3643 | D:5      | Reached skill level 5 in Short Blades
  3745 | D:5      | Found Done Wah's Distillery.
  3750 | D:5      | Bought a potion of heal wounds for 70 gold pieces
  3750 | D:5      | Bought a potion of curing for 42 gold pieces
  3750 | D:5      | Bought a potion of degeneration for 14 gold pieces
  3789 | D:5      | Reached skill level 7 in Stealth
  3803 | D:5      | Found Okump's Book Boutique.
  3921 | D:5      | Reached XP level 8. HP: 69/69 MP: 8/8
  3937 | D:5      | Found Rantyxtirr's Antique Armour Shoppe.
  4115 | D:5      | Found Hiyfeef's General Store.
  4263 | D:5      | Reached skill level 8 in Stealth
  4427 | D:5      | Found Bomygy's Distillery.
  4772 | D:6      | Reached skill level 9 in Stealth
  4830 | D:6      | Found Piymi's Weapon Shop.
  4835 | D:6      | Bought a +0 broad axe for 60 gold pieces
  4840 | D:6      | Found Voroj Fuo's Armour Boutique.
  4933 | D:6      | Reached skill level 5 in Axes
  4934 | D:6      | Found Inemicw's General Store.
  5081 | D:6      | Reached XP level 9. HP: 74/75 MP: 9/9
  5117 | D:6      | Reached skill level 10 in Stealth
  5329 | D:6      | Found Peatol's General Store.
  5538 | D:5      | Bought a masterwork robe for 148 gold pieces
  5538 | D:5      | Identified the +1 robe of the Valley of Death {rN+ Int+2}
                  | (You bought it in a shop on level 5 of the Dungeon)
  5831 | D:7      | Found a staircase to the Ecumenical Temple.
  5839 | Temple   | Entered the Ecumenical Temple
  5860 | Temple   | Became a worshipper of Cheibriados the Contemplative
  5860 | Temple   | Reached * piety under Cheibriados
  5860 | Temple   | Reached ** piety under Cheibriados
  6926 | D:8      | Noticed Prince Ribbit
  6933 | D:8      | Killed Prince Ribbit
  6934 | D:8      | Reached skill level 11 in Stealth
  7039 | D:8      | Reached skill level 10 in Axes
  7058 | D:8      | Reached skill level 12 in Stealth
  7262 | D:8      | Found a staircase to the Lair.
  7322 | D:8      | Reached *** piety under Cheibriados
  7339 | D:8      | Reached XP level 10. HP: 72/84 MP: 10/10
  7339 | D:8      | Noticed a kobold demonologist
  7346 | D:8      | Gained mutation: You are weak. (Str -2) [a neqoxec]
  7348 | D:8      | Noticed a smoke demon
  7348 | D:8      | Killed a kobold demonologist
  8309 | D:9      | Reached skill level 13 in Stealth
  8309 | D:9      | Reached skill level 1 in Ice Magic
  8848 | D:10     | Entered Level 10 of the Dungeon
  8848 | D:10     | Noticed Amaemon
  8848 | D:10     | Noticed an orange demon
  8857 | D:10     | Killed Amaemon
  8863 | D:10     | Killed an orange demon
  9134 | D:10     | Learned a level 2 spell: Ensorcelled Hibernation
  9138 | D:10     | Learned a level 3 spell: Ozocubu's Armour
  9215 | D:10     | Reached **** piety under Cheibriados
  9279 | D:10     | Found a glowing silver altar of Zin.
  9323 | D:10     | Reached skill level 14 in Stealth
  9433 | D:10     | Found an iron altar of Okawaru.
  9484 | D:10     | Reached XP level 11. HP: 65/90 MP: 11/11
  9484 | D:10     | Found a staircase to the Orcish Mines.
  9827 | D:10     | Found a portal to a secret trove of treasure.
 10359 | D:11     | Reached skill level 5 in Ice Magic
 10376 | D:11     | Reached skill level 15 in Stealth
 10508 | D:11     | Noticed a cyclops
 10513 | D:11     | Killed a cyclops
 10954 | D:12     | Noticed a two-headed ogre
 11117 | Lair:1   | Entered Level 1 of the Lair of Beasts
 11805 | Lair:1   | Reached ***** piety under Cheibriados
 11806 | Lair:1   | Reached skill level 5 in Dodging
 11806 | Lair:1   | Reached skill level 16 in Stealth
 12134 | Lair:1   | Noticed Jeremiah
 12138 | Lair:1   | Killed Jeremiah
 12551 | Lair:1   | Reached XP level 12. HP: 88/99 MP: 8/12
 12831 | Lair:2   | Noticed a four-headed hydra
 12832 | Lair:2   | Reached skill level 5 in Fighting
 12832 | Lair:2   | Reached skill level 17 in Stealth
 12953 | Lair:2   | Killed a four-headed hydra
 13031 | Lair:2   | Noticed a seven-headed hydra
 13039 | Lair:2   | Killed a seven-headed hydra
 13135 | Lair:2   | Found a staircase to the Swamp.
 13580 | Lair:2   | Reached skill level 18 in Stealth
 14012 | Lair:2   | Noticed a four-headed hydra
 14018 | Lair:2   | Killed a four-headed hydra
 14062 | Lair:2   | Found a hole to the Spider Nest.
 14193 | Lair:2   | Reached ****** piety under Cheibriados
 14408 | Lair:2   | Gained mutation: You can use your snake-like lower body to
                  | constrict enemies. [Naga growth]
 14408 | Lair:2   | Reached XP level 13. HP: 121/121 MP: 10/13
 14603 | Lair:2   | Found a runed translucent door.
 14604 | Lair:2   | Noticed CougarLife's ghost (journeyman TrFi)
 14627 | Lair:2   | Slain by CougarLife's ghost

Illustrated notes

Levels and vault maps discovered:
D:1:      shiori_arrival_maze, layout_basic,
          shapermc_ecumenical_altar_totnotflames
D:2:      layout_loops_ring, kennysheep_generic_room_14
D:3:      layout_basic, mainiacjoe_overflow_tiny_flanked,
          nicolae_gozag_cash_rules_everything_around_me, lemuel_tele_altar,
          dk_vineyard_3, uniq_jessica
D:4:      layout_rooms, amethyst_killhole, grunt_decor_junction
D:5:      layout_basic, serial_shops, nicolae_shop_hallway_plus,
          nicolae_lakefront_shop, shop, nicolae_lakefront_shop, shop,
          serial_library_hellmonk_hallway_a, dk_rats_in_the_wall
D:6:      layout_cave_pools, serial_shops, nicolae_diamond_shop,
          kennysheep_little_box, nicolae_shop_getting_attention, shop_coins
D:7:      layout_layer_cave, minmay_temple_entry_antechambers
D:8:      layout_loops_ring, lair_entry_dummy, uniq_prince_ribbit1
D:9:      layout_stronghold, dreamdust_deal_with_the_devil,
          minmay_fractal_squares_gapless_5
D:10:     layout_loops_ring, mainiacjoe_overflow_concentric_impassable,
          mainiacjoe_overflow_brackets, orc_0_dummy,
          nicolae_trove_entry_columns, uniq_amaemon
D:11:     layout_loops_ring
D:12:     layout_basic, serial_bayou, serial_bayou_crossing,
          serial_bayou_pond_d, serial_bayou_pond_a, serial_bayou_pond_b
Temple:   sentei_temple_godly_chess
Lair:1:   layout_regular_city, infiniplex_staircase_pool, lemuel_fruit_tree,
          grunt_megastairs_4, uniq_jeremiah
Lair:2:   lemuel_reptile_caves, layout_chaotic_city, palyth_hydra_swamp_entry,
          nicolae_spider_entry_orb_guardian, ebering_ghost_inner_flame,
          grunt_megastairs_2

Skill      XL: |  1  2  3  4  5  6  7  8  9 10 11 12 |
---------------+-------------------------------------+-----
Stealth        | 1 2 3 4 6 7 9 12 14 16 18 | 18.9
Axes           | 4 6 11 12 | 12.3
Short Blades   | 1 2 4 6 7 9 |  9.0
Ice Magic      | 4 5 |  5.0
Dodging        | 6 |  6.0
Fighting       | 4 9 |  9.6

Action                     |  1- 3 |  4- 6 |  7- 9 | 10-12 | 13-15 || total
---------------------------+-------+-------+-------+-------+-------++-------
  Melee: Hand axe          |    71 |    49 |       |       |       ||   120
         Dagger            |       |    56 |   216 |   238 |    23 ||   533
         Broad axe         |       |       |     3 |   144 |       ||   147
         Punch             |       |       |       |     3 |       ||     3
         Constrict         |       |       |       |       |     2 ||     2
   Cast: Ozocubu's Armour  |       |       |       |    17 |     1 ||    18
         Ensorcelled Hiber |       |       |       |    10 |     1 ||    11
Ability: Spit Poison       |     8 |    19 |    33 |    34 |       ||    94
  Evoke: Wand              |       |       |       |     4 |       ||     4
    Use: Scroll            |     1 |     3 |     9 |    13 |     1 ||    27
         Potion            |       |       |     2 |       |       ||     2
   Stab: Sleeping          |       |       |     1 |    31 |     1 ||    33
 Armour: Robe              |    48 |    53 |   142 |   300 |    16 ||   559
  Dodge: Dodged            |    36 |    54 |    81 |   251 |     5 ||   427
  Block: Other             |       |       |       |    47 |       ||    47
